 Dungeon Crawl Stone Soup version 0.28.0-53-g5a82cb258f (webtiles) character file.

Game seed: 3377948120109087215

114 Zeld the Chopper (level 4, -2/41 HPs)
             Began as a Minotaur Berserker on May 23, 2022.
             Was a Believer of Trog.
             Killed from afar by Sigmund (10 damage)
             ... with a magic dart
             ... on level 2 of the Dungeon.
             The game lasted 00:01:47 (2722 turns).

Zeld the Chopper (Minotaur Berserker)               Turns: 2722, Time: 00:01:47

Health: -2/41      AC:  2    Str: 23    XL:     4   Next: 67%
Magic:  3/3        EV: 12    Int:  4    God:    Trog [**....]
Gold:   36         SH:  0    Dex: 10    Spells: 3/3 levels left

rFire   . . .      SeeInvis .   a - +2 hand axe (freeze)
rCold   . . .      Faith    .   (no shield)
rNeg    . . .      Spirit   .   b - +0 animal skin
rPois   .          Reflect  .   (helmet restricted)
rElec   .          Harm     .   (no cloak)
rCorr   .          Rampage  .   (no gloves)
Will    .....                   (no boots)
Stlth   +.........              (no amulet)
HPRegen 0.13/turn               (no ring)
MPRegen 0.08/turn               (no ring)

@: no status effects
A: horns 2, retaliatory headbutt
a: Renounce Religion, Berserk, Trog's Hand


You were on level 2 of the Dungeon.
You worshipped Trog.
Trog was pleased with you.
You visited 1 branch of the dungeon, and saw 2 of its levels.

You collected 36 gold pieces.

Inventory:

Hand Weapons
 a - a +2 hand axe of freezing (weapon)
Armour
 b - a +0 animal skin (worn)
Wands
 g - a wand of iceblast (7)
Scrolls
 d - a scroll of brand weapon {unknown}
 e - a scroll of enchant armour {unknown}
 h - a scroll of silence {unknown}
 i - a scroll of enchant weapon {unknown}
 j - a scroll of fog {unknown}
Potions
 c - a potion of curing {unknown}
 f - a potion of degeneration {unknown}


   Skills:
 * Level 4.8 Fighting
 * Level 4.8 Axes
 + Level 3.3 Armour
 + Level 3.0 Dodging


You had 3 spell levels left.
You didn't know any spells.
Your spell library was empty.

Dungeon Overview and Level Annotations

Branches:
Dungeon (2/15)

Altars:
Trog

Shops:
D:2 [*(:

Annotations:
D:2 Sigmund


Innate Abilities, Weirdness & Mutations

You have a pair of horns on your head.
You reflexively headbutt those who attack you in melee.


Message History

There is a stone staircase leading up here.
Sigmund casts a spell at you.
You are confused.
You climb upwards.
There is a stone staircase leading down here.
You start resting.
You feel less confused.
You start resting.
HP restored.
You climb downwards.
Level annotation: Sigmund
There is a stone staircase leading up here.
No target in view!
No target in view!
There is an open door, spattered with blood here.
Sigmund hits you with a +1 scythe of flaming!
Sigmund burns you.
You hit Sigmund but do no damage. You closely miss Sigmund.
Your headbutt misses Sigmund. Your punch misses Sigmund.
Sigmund closely misses you. You furiously retaliate!
You headbutt Sigmund, but do no damage. You slash Sigmund! You freeze Sigmund.
Sigmund is moderately wounded.
Sigmund hits you with a +1 scythe of flaming!
Sigmund burns you.
You are too injured to fight recklessly!
You hit Sigmund but do no damage. Your headbutt misses Sigmund.
Sigmund is moderately wounded.
Sigmund hits you with a +1 scythe of flaming!
* * * LOW HITPOINT WARNING * * *
Sigmund burns you.
* * * LOW HITPOINT WARNING * * *
You hit Sigmund. You freeze Sigmund. Your headbutt misses Sigmund.
Sigmund is heavily wounded.
You are too injured to fight recklessly!
Sigmund closely misses you.
There is an open door, spattered with blood here.
Sigmund gestures at you while chanting. The magic dart hits you!
You die...

##.....<......##...).)......##
##.....##.._..........###...##
#.....................##########
#......##.....#<.............†).
#.#...###########..........#####
#.##{## ##...###........# #.##.#
#..### #.##.###.#
#.##.###########''#####.##.# #.#
#.##.......@'..@..∩..'..##=# #.#
#.########.###########..##.# #.#
#.# #..###########.##.###.# #.#
##.8.∩.<.8.....†....... #.#
#####.###.....†.####.# #.#
#.###..##.### #.# #.#
#.........# #.# #.#
####..##..#..# #.# #.#
#.....##..#..######..


You could see Sigmund.

Vanquished Creatures
  Terence (D:2)
  3 gnolls (D:2)
  A worm (D:2)
  5 bats
  4 endoplasms
  2 giant cockroaches (D:1)
  7 goblins
  6 hobgoblins
  4 jackals (D:1)
  3 kobolds
  5 quokkas
  3 ball pythons (D:2)
  A frilled lizard (D:1)
  4 rats
49 creatures vanquished.

Notes
Turn   | Place    | Note
-------+----------+-------------------------------------------
     0 | D:1      | Zeld the Minotaur Berserker began the quest for the Orb.
     0 | D:1      | Reached XP level 1. HP: 19/19 MP: 0/0
   320 | D:1      | Reached XP level 2. HP: 27/27 MP: 1/1
   844 | D:1      | Reached XP level 3. HP: 28/33 MP: 2/2
  1167 | D:2      | Found a bloodstained altar of Trog.
  1384 | D:2      | Reached ** piety under Trog
  1456 | D:2      | Found Alyu's Book Shop.
  1479 | D:2      | Noticed Terence
  1486 | D:2      | Killed Terence
  1487 | D:2      | Reached XP level 4. HP: 13/41 MP: 3/3
  1991 | D:2      | Found Gyomonir's General Store.
  2019 | D:2      | Found Anasif's Armour Emporium.
  2158 | D:2      | Found Derphinn's Antique Weapon Emporium.
  2210 | D:2      | Noticed Sigmund
  2722 | D:2      | Killed from afar by Sigmund

Illustrated notes

Levels and vault maps discovered:
D:1:      dpeg_arrival_round_c, layout_loops_corners
D:2:      layout_loops_ring, serial_shops, shop, nicolae_shop_behind_doors,
          shop_statue, nicolae_lakefront_shop, nicolae_shop_hallway_stairs,
          basic_altar, kennysheep_decorative_pillar, uniq_sigmund, uniq_terence

Skill      XL: |  1  2  3  4 |
---------------+-------------+-----
Fighting       | 4 |  4.8
Axes           | 4 |  4.8
Armour         | 3 |  3.3
Dodging        | 3 |  3.0

Action                   |  1- 3 |  4- 6 || total
-------------------------+-------+-------++-------
Melee: Hand axe          |    66 |    32 ||    98
       Headbutt          |     6 |     1 ||     7
       Punch             |     1 |       ||     1
 Stab: Distracted        |       |     1 ||     1
Armor: Animal skin       |    10 |     2 ||    12
Dodge: Dodged            |    41 |    20 ||    61
